 Dungeon Crawl Stone Soup version 0.31-a0-625-gc9c7e45f3f (webtiles) character file.

Game seed: 9937562346194886257

35 GordonOverkill the Sneak (level 3, -1/21 HPs)
             Began as a Vine Stalker Delver on Aug 24, 2023.
             Slain by a gnoll
             ... wielding a +0 spear
             ... led by a gnoll bouda
              (2 damage)
             ... on level 6 of the Dungeon.
             The game lasted 00:02:10 (268 turns).

GordonOverkill the Sneak (Vine Stalker Delver)       Turns: 268, Time: 00:02:11

Health: -1/21      AC:  3    Str: 14    XL:     3   Next: 33%
Magic:  0/4        EV: 11    Int: 12    God:
Gold:   0          SH:  0    Dex: 15    Spells: 2/2 levels left

rFire   . . .        a - +0 short sword
rCold   . . .        (no shield)
rNeg    . . .        b - +0 leather armour
rPois   .            (no helmet)
rElec   .            (no cloak)
rCorr   .            (no gloves)
SInv    .            (no boots)
Will    .....        (no amulet)
Stlth   +++          (no ring)
HPRegen 0.23/turn    (no ring)
MPRegen 0.09/turn

%: guardian spirit
@: hasted, very quick
A: fangs 2, magic shield, antimagic bite, no potion heal 2
a: no special abilities


You were on level 6 of the Dungeon.
You visited 1 branch of the dungeon, and saw 2 of its levels.

Inventory:

Hand Weapons
 a - a +0 short sword (weapon)
Armour
 b - a +0 leather armour (worn)
Wands
 g - a wand of digging (2)
Scrolls
 c - a scroll of fog
 d - a scroll of revelation
Potions
 h - a potion of brilliance {unknown}


   Skills:
 + Level 3.9 Fighting
 - Level 1.7 Short Blades
 - Level 1.5 Dodging
 - Level 6.0 Stealth


You had 2 spell levels left.
You didn't know any spells.
Your spell library was empty.

Dungeon Overview and Level Annotations

Branches:
Dungeon (6/15)
 Temple: D:4-7

Altars:

Shops:
D:5 :*

Annotations:
D:5 exclusions: door and downstairs


Innate Abilities, Weirdness & Mutations

You have extremely sharp teeth.
When hurt, damage is shared between your health and your magic reserves.
Your bite disrupts and absorbs the magic of your enemies.
Potions cannot restore your health.


Message History

An ufetubus comes into view.
The orc priest attacks as it pursues you!
The orc priest hits you with a +0 mace.
* * * LOW HITPOINT WARNING * * *
As you read the scroll of fear, it crumbles to dust.
You assume a fearsome visage.
The orc priest looks frightened!
The orc looks frightened! x2; The ufetubus looks frightened!
There is an escape hatch in the floor here.
There is a stone staircase leading down here.
You climb downwards.
Found a bubbling coppery potion.
There is a stone staircase leading up here.
Found an escape hatch in the ceiling.
You start resting.
A kobold brigand comes into view.
It is wielding a +0 short sword and quivering poisoned darts.
A bullfrog comes into view.
An orc comes into view. It is wielding a +0 club.
The bullfrog croaks.
You feel yourself speed up. The bullfrog hits you.
* * * LOW HITPOINT WARNING * * *
The bullfrog attacks as it pursues you!
The bullfrog hits you but does no damage.
A scorpion comes into view.
The bullfrog attacks as it pursues you! The bullfrog hits you.
* * * LOW HITPOINT WARNING * * *
The bullfrog attacks as it pursues you! The bullfrog barely misses you.
A gnoll comes into view. It is wielding a +0 spear.
Found a great sword and a scroll labelled UMOETR WOTSOE.
The gnoll shouts!
You hear a shout!
A gnoll comes into view. It is wielding a +0 spear.
A gnoll bouda and a gnoll come into view.
A gnoll comes into view. It is wielding a +0 spear.
The bullfrog attacks as it pursues you! The bullfrog hits you.
* * * LOW HITPOINT WARNING * * *
The bullfrog attacks as it pursues you! The bullfrog hits you.
* * * LOW HITPOINT WARNING * * *
Okay, then.
Okay, then.
The gnoll hits you from afar with a +0 spear.
You die...

### #.# #.# ##.# #..###
####F.@.#
#######.......#.
............g.gg..
######.#.s....?g. ##
#####...#...........
..###.............#.....
........##........##....
....##.###..##....# ##.#
............# ....# .#


You could see a bullfrog, a gnoll bouda, a scorpion and 3 gnolls.

Vanquished Creatures
  An orc priest (D:5)
  3 orcs (D:5)
4 creatures vanquished.

Notes
Turn   | Place    | Note
-------+----------+-------------------------------------------
     0 | D:5      | GordonOverkill the Vine Stalker Delver began the quest for
                  | the Orb.
     0 | D:5      | Reached XP level 1. HP: 11/11 MP: 2/2
     1 | D:6      | Noticed a jelly
     1 | D:6      | Noticed a centaur
     1 | D:6      | Noticed an orc wizard
     1 | D:6      | Noticed an orc priest
     5 | D:5      | Found Dyejoruc's Overcharged Wands.
     9 | D:5      | Noticed an orc priest
    21 | D:5      | Noticed a scorpion
    22 | D:5      | Noticed an orc priest
    69 | D:5      | Killed an orc priest
    70 | D:5      | Reached XP level 2. HP: 17/17 MP: 3/3
    70 | D:5      | Reached XP level 3. HP: 21/21 MP: 4/4
   214 | D:5      | Found Piwazxy's Book Boutique.
   221 | D:5      | Noticed an ice beast
   246 | D:6      | Noticed a kobold brigand
   247 | D:6      | Noticed a bullfrog
   261 | D:6      | Noticed a scorpion
   267 | D:6      | HP: 1/21 [bullfrog (1)]
   268 | D:6      | Slain by a gnoll

Illustrated notes

Levels and vault maps discovered:
D:5:      layout_basic, mainiacjoe_overflow_divided_tiny, serial_shops, shop,
          nicolae_shop_rolling_square, nicolae_shop_back_alley_shop,
          nicolae_shop_overcharged_wands
D:6:      layout_rooms, nicolae_qazlal_style_of_elements

Skill      XL: |  1 |
---------------+----+-----
Fighting       | 3 |  3.9
Short Blades   | |  1.7
Dodging        | |  1.5
Stealth        | |  6.0

Action                     || total
---------------------------++-------
  Melee: Short sword       ||    14
         Bite              ||     4
  Evoke: Wand              ||     1
    Use: Scroll            ||     2
         Potion            ||     1
   Stab: Sleeping          ||     1
 Armour: Leather armour    ||     3
  Dodge: Dodged            ||     8

Table legend: (Time is in decaauts)
 A = Elapsed time spent in this place.
 B = Non-inter-level travel time spent in this place.
 C = Inter-level travel time spent in this place.
 D = Time resting spent in this place.
 E = Time spent auto-exploring this place.
 F = Levels seen in this place.
 G = Mean time per level.
                   A        B        C        D        E       F      G
               +--------+--------+--------+--------+--------+-----+--------+
         Total |    263 |    263 |      0 |    126 |      3 |   2 |  131.5 |
       Dungeon |    263 |    263 |      0 |    126 |      3 |   2 |  131.5 |
               +--------+--------+--------+--------+--------+-----+--------+

Top non-repeatable levels by time:
     D:5: 238 daAuts
     D:6: 25 daAuts
